PCL
TEXARKANA BEARS @ MILE HIGH BRONCOS
04/15/2027
 
TOP OF THE 1ST
Texarkana Bears batting - Pitching for Mile High Broncos : RHP Pedro Mendoza
Pitching: RHP Pedro Mendoza
Batting: RHB Lu-fang Huie 0-0: Ball
1-0: SINGLE (Line Drive, 78M)
Batting: RHB Gilberto López 0-0: Ball
1-0: Called Strike
1-1: Ball
2-1: Called Strike
2-2: Ball
3-2: Strikes out looking
Batting: RHB Keith Ford 0-0: Ball
1-0: Ball
2-0: Ball
3-0: Fly out, F4 (Popup, 4D)
Batting: RHB Gustavo Díaz 0-0: Called Strike
0-1: Fielders Choice at 2nd, 4-6 (Groundball, 4)
Top of the 1st over - 0 run(s), 1 hit(s), 0 error(s), 0 left on base; Texarkana 0 - Mile High 0
BOTTOM OF THE 1ST
Mile High Broncos batting - Pitching for Texarkana Bears : RHP Joe Utter
Pitching: RHP Joe Utter
Batting: LHB Ernesto López 0-0: Ball
1-0: Ball
2-0: Fly out, F6 (Popup, 5D)
Batting: SHB Tom Stevens 0-0: Ball
1-0: Foul Ball, location: 2F
1-1: Swinging Strike
1-2: Foul Ball, location: 2F
1-2: Foul Ball, location: 2F
1-2: Strikes out looking
Batting: LHB Mark Everett 0-0: Foul Ball, location: 2F
0-1: SINGLE (Line Drive, 7S)
Batting: RHB David Moran 0-0: Ball
1-0: Swinging Strike
1-1: Called Strike
1-2: Ball
2-2: 2-RUN HOME RUN (Line Drive, 7D), Distance : 385 ft
Batting: RHB Rodney González 0-0: Ball
1-0: SINGLE (Line Drive, 4M)
Batting: RHB Richard Bankhead 0-0: Called Strike
0-1: Swinging Strike
0-2: Fly out, F8 (Line Drive, 8LM)
Bottom of the 1st over - 2 run(s), 3 hit(s), 0 error(s), 1 left on base; Texarkana 0 - Mile High 2
TOP OF THE 2ND
Texarkana Bears batting - Pitching for Mile High Broncos : RHP Pedro Mendoza
Batting: LHB Tom Mullins 0-0: Called Strike
0-1: Ball
1-1: Ball
2-1: Ball
3-1: Called Strike
3-2: Foul Ball, location: 2F
3-2: Foul Ball, location: 2F
3-2: Strikes out swinging, 2-3 out at first.
Batting: RHB Alberto Velásquez 0-0: Fly out, F7 (Flyball, 7LM)
Batting: RHB Michael Barraclough 0-0: Ball
1-0: Ground out U3 (Groundball, 3)
Top of the 2nd over - 0 run(s), 0 hit(s), 0 error(s), 0 left on base; Texarkana 0 - Mile High 2
BOTTOM OF THE 2ND
Mile High Broncos batting - Pitching for Texarkana Bears : RHP Joe Utter
Batting: RHB Edward Williams 0-0: Ball
1-0: Foul Ball, location: 2F
1-1: Foul Ball, location: 2F
1-2: Ball
2-2: Foul Ball, location: 2F
2-2: Ball
3-2: SINGLE (Flyball, 7S)
Batting: LHB Don Hull 0-0: Called Strike
0-1: Ball
1-1: Ball
Edward Williams steals 2nd base
2-1: Foul Ball, location: 2F
2-2: SINGLE (Line Drive, 89S)
Edward Williams to third
Batting: RHB Evan Robinson 0-0: Ball
Don Hull steals 2nd base
1-0: Ball
2-0: Foul Ball, location: 2F
2-1: Swinging Strike
2-2: Ball
3-2: Base on Balls
Batting: LHB Ernesto López 0-0: Called Strike
0-1: Ball
1-1: Ball
2-1: Ground out 5-3 (Groundball, 56S)
Edward Williams scores
Don Hull to third
Evan Robinson to second
Batting: SHB Tom Stevens 0-0: Ball
1-0: Ball
2-0: Called Strike
2-1: Ball
3-1: Base on Balls
Batting: LHB Mark Everett 0-0: Ball
1-0: Ball
2-0: Ball
3-0: Called Strike
3-1: Base on Balls
Don Hull scores
Evan Robinson to third
Tom Stevens to second
Batting: RHB David Moran 0-0: Ball
1-0: Ball
2-0: Called Strike
2-1: Grounds into fielders choice 1-2 (Groundball, 13S)
Tom Stevens to third
Mark Everett to second
Batting: RHB Rodney González 0-0: Called Strike
0-1: Swinging Strike
0-2: Strikes out swinging
Bottom of the 2nd over - 2 run(s), 2 hit(s), 0 error(s), 3 left on base; Texarkana 0 - Mile High 4
TOP OF THE 3RD
Texarkana Bears batting - Pitching for Mile High Broncos : RHP Pedro Mendoza
Batting: RHB Sadao Kimura 0-0: Ball
1-0: Ball
2-0: Foul Ball, location: 2F
2-1: Foul Ball, location: 2F
2-2: Ball
3-2: Fly out, F2 (Popup, 25)
Batting: RHB Steve Garneys 0-0: Foul Ball, location: 2F
0-1: SINGLE (Flyball, 4D)
Batting: RHB Lu-fang Huie 0-0: Swinging Strike
0-1: Ball
1-1: Fielders Choice at 2nd, 6-4 (Groundball, 56)
Batting: RHB Gilberto López 0-0: Called Strike
0-1: Swinging Strike
0-2: Strikes out swinging
Top of the 3rd over - 0 run(s), 1 hit(s), 0 error(s), 1 left on base; Texarkana 0 - Mile High 4
BOTTOM OF THE 3RD
Mile High Broncos batting - Pitching for Texarkana Bears : RHP Joe Utter
Batting: RHB Richard Bankhead 0-0: Ball
1-0: Ball
2-0: Called Strike
2-1: Foul Ball, location: 2F
2-2: Strikes out swinging
Batting: RHB Edward Williams 0-0: Called Strike
0-1: Foul Ball, location: 2F
0-2: Foul Ball, location: 2F
0-2: Ball
1-2: Ball
2-2: DOUBLE (Line Drive, 7LM)
Batting: LHB Don Hull 0-0: Called Strike
0-1: Ball
1-1: Ball
2-1: Foul Ball, location: 2F
2-2: Foul Ball, location: 2F
2-2: Strikes out swinging
Batting: RHB Evan Robinson 0-0: Fly out, F7 (Flyball, 7)
Bottom of the 3rd over - 0 run(s), 1 hit(s), 0 error(s), 1 left on base; Texarkana 0 - Mile High 4
TOP OF THE 4TH
Texarkana Bears batting - Pitching for Mile High Broncos : RHP Pedro Mendoza
Batting: RHB Keith Ford 0-0: Called Strike
0-1: Ball
1-1: Foul Ball, location: 2F
1-2: Foul Ball, location: 2F
1-2: Foul Ball, location: 2F
1-2: Ball
2-2: Ball
3-2: Strikes out looking
Batting: RHB Gustavo Díaz 0-0: Ball
1-0: Foul Ball, location: 2F
1-1: Ball
2-1: Fly out, F3 (Popup, 3S)
Batting: LHB Tom Mullins 0-0: Called Strike
0-1: Ball
1-1: Ball
2-1: Ground out U3 (Groundball, 3L)
Top of the 4th over - 0 run(s), 0 hit(s), 0 error(s), 0 left on base; Texarkana 0 - Mile High 4
BOTTOM OF THE 4TH
Mile High Broncos batting - Pitching for Texarkana Bears : RHP Joe Utter
Batting: LHB Ernesto López 0-0: Ball
1-0: Ground out 4-3 (Groundball, 34)
Batting: SHB Tom Stevens 0-0: Ball
1-0: Foul Ball, location: 2F
1-1: Ball
2-1: Foul Ball, location: 2F
2-2: DOUBLE (Line Drive, 78M)
Batting: LHB Mark Everett 0-0: Ball
1-0: 2-RUN HOME RUN (Line Drive, 8RXD), Distance : 436 ft
Pitching: RHP António Ramírez
Batting: RHB David Moran 0-0: Foul Ball, location: 2F
0-1: Foul Ball, location: 2F
0-2: Ball
1-2: Strikes out swinging
Batting: RHB Rodney González 0-0: Called Strike
0-1: Ball
1-1: Called Strike
1-2: Strikes out swinging
Bottom of the 4th over - 2 run(s), 2 hit(s), 0 error(s), 0 left on base; Texarkana 0 - Mile High 6
TOP OF THE 5TH
Texarkana Bears batting - Pitching for Mile High Broncos : RHP Pedro Mendoza
Batting: RHB Alberto Velásquez 0-0: Ball
1-0: Ball
2-0: Called Strike
2-1: Foul Ball, location: 2F
2-2: Foul Ball, location: 2F
2-2: Strikes out swinging
Batting: RHB Michael Barraclough 0-0: Swinging Strike
0-1: Ball
1-1: Ball
2-1: SINGLE (Flyball, 7S)
Batting: RHB Sadao Kimura 0-0: Called Strike
Michael Barraclough steals 2nd base
0-1: Swinging Strike
0-2: Foul Ball, location: 2F
0-2: Strikes out looking
Batting: RHB Steve Garneys 0-0: SINGLE (Groundball, 56D)
Michael Barraclough to third
Runner from 3rd tries for Home, SAFE, no throw
Batting: RHB Lu-fang Huie 0-0: Ball
1-0: Swinging Strike
1-1: Called Strike
Throwing error on steal attempt, E2
Steve Garneys to third
1-2: Ball
2-2: Ball
3-2: Ground out 5-3 (Groundball, 56)
Top of the 5th over - 1 run(s), 2 hit(s), 1 error(s), 1 left on base; Texarkana 1 - Mile High 6
BOTTOM OF THE 5TH
Mile High Broncos batting - Pitching for Texarkana Bears : RHP António Ramírez
Batting: RHB Richard Bankhead 0-0: Ball
1-0: SINGLE (Line Drive, 4M)
Batting: RHB Edward Williams 0-0: Ball
Richard Bankhead steals 2nd base
1-0: Swinging Strike
1-1: Ball
2-1: Foul Ball, location: 2F
2-2: Foul Ball, location: 2F
2-2: Ball
3-2: Foul Ball, location: 2F
3-2: Strikes out swinging
Batting: LHB Don Hull 0-0: Ball
1-0: Called Strike
1-1: Ball
2-1: Ball
3-1: Foul Ball, location: 2F
3-2: Fly out, F8 (Flyball, 78M)
Batting: RHB Evan Robinson 0-0: Foul Ball, location: 2F
0-1: Ball
1-1: Foul Ball, location: 2F
1-2: Foul Ball, location: 2F
1-2: SINGLE (Groundball, 6MD)
Richard Bankhead to third
Runner from 3rd tries for Home, SAFE, no throw
Batting: LHB Ernesto López 0-0: Ball
1-0: Foul Ball, location: 2F
1-1: Called Strike
1-2: Strikes out swinging
Bottom of the 5th over - 1 run(s), 2 hit(s), 0 error(s), 1 left on base; Texarkana 1 - Mile High 7
TOP OF THE 6TH
Texarkana Bears batting - Pitching for Mile High Broncos : RHP Pedro Mendoza
Batting: RHB Gilberto López 0-0: SINGLE (Flyball, 8LS)
Batting: RHB Keith Ford 0-0: Foul Ball, location: 2F
0-1: Foul Ball, location: 2F
0-2: SINGLE (Flyball, 89S)
Gilberto López to second
Runner from 2nd tries for 3rd, SAFE, throw made to third
Batting: RHB Gustavo Díaz 0-0: Swinging Strike
0-1: Foul Ball, location: 2F
0-2: Foul Ball, location: 2F
0-2: Ball
1-2: Strikes out swinging
Batting: LHB Tom Mullins 0-0: Called Strike
0-1: Ball
1-1: SINGLE (Groundball, 6D)
Gilberto López scores
Keith Ford to second
Batting: RHB Alberto Velásquez 0-0: Called Strike
0-1: Ball
1-1: Ball
2-1: Swinging Strike
2-2: Ball
3-2: Foul Ball, location: 2F
3-2: Base on Balls
Keith Ford to third
Tom Mullins to second
Batting: RHB Michael Barraclough 0-0: Called Strike
0-1: Foul Ball, location: 2F
0-2: Ball
1-2: Strikes out looking
Batting: RHB Sadao Kimura 0-0: Swinging Strike
0-1: Foul Ball, location: 2F
0-2: Ball
1-2: Strikes out swinging
Top of the 6th over - 1 run(s), 3 hit(s), 0 error(s), 3 left on base; Texarkana 2 - Mile High 7
BOTTOM OF THE 6TH
Mile High Broncos batting - Pitching for Texarkana Bears : RHP António Ramírez
Batting: SHB Tom Stevens 0-0: Ground out 6-3 (Groundball, 6)
Batting: LHB Mark Everett 0-0: Called Strike
0-1: Ball
1-1: Called Strike
1-2: Fly out, F7 (Flyball, 7)
Batting: RHB David Moran 0-0: Fly out, F9 (Flyball, 89M)
Bottom of the 6th over - 0 run(s), 0 hit(s), 0 error(s), 0 left on base; Texarkana 2 - Mile High 7
TOP OF THE 7TH
Texarkana Bears batting - Pitching for Mile High Broncos : RHP Pedro Mendoza
Pitching: LHP Robin Wilder
Batting: RHB Steve Garneys 0-0: Foul Ball, location: 2F
0-1: Ground out 4-3 (Groundball, 4D)
Batting: RHB Lu-fang Huie 0-0: Called Strike
0-1: Ball
1-1: Ball
2-1: Swinging Strike
2-2: Foul Ball, location: 2F
2-2: Strikes out looking
Batting: RHB Gilberto López 0-0: Called Strike
0-1: Foul Ball, location: 2F
0-2: Ball
1-2: Strikes out swinging
Top of the 7th over - 0 run(s), 0 hit(s), 0 error(s), 0 left on base; Texarkana 2 - Mile High 7
BOTTOM OF THE 7TH
Mile High Broncos batting - Pitching for Texarkana Bears : RHP António Ramírez
Batting: RHB Rodney González 0-0: Foul Ball, location: 2F
0-1: Ball
1-1: Swinging Strike
1-2: Strikes out swinging
Batting: RHB Richard Bankhead 0-0: Called Strike
0-1: Foul Ball, location: 2F
0-2: Foul Ball, location: 2F
0-2: Foul Ball, location: 2F
0-2: Ball
1-2: Fly out, F8 (Flyball, 89D)
Batting: RHB Edward Williams 0-0: Ball
1-0: Swinging Strike
1-1: Swinging Strike
1-2: Ball
2-2: Ball
3-2: Hit by Pitch
Batting: LHB Don Hull 0-0: Called Strike
0-1: Swinging Strike
0-2: Ball
1-2: Strikes out swinging
Bottom of the 7th over - 0 run(s), 0 hit(s), 0 error(s), 1 left on base; Texarkana 2 - Mile High 7
TOP OF THE 8TH
Texarkana Bears batting - Pitching for Mile High Broncos : LHP Robin Wilder
Now at 2B: Paco Martínez
Batting: RHB Keith Ford 0-0: Called Strike
0-1: Ball
1-1: Ball
2-1: Foul Ball, location: 2F
2-2: Strikes out swinging
Batting: RHB Gustavo Díaz 0-0: SOLO HOME RUN (Flyball, 7D), Distance : 384 ft
Batting: LHB Tom Mullins 0-0: Ball
1-0: Ball
2-0: Swinging Strike
2-1: Called Strike
2-2: Ground out U3 (Groundball, 3)
Batting: RHB Alberto Velásquez 0-0: Swinging Strike
0-1: Ball
1-1: Ball
2-1: Foul Ball, location: 2F
2-2: Ball
3-2: Strikes out looking
Top of the 8th over - 1 run(s), 1 hit(s), 0 error(s), 0 left on base; Texarkana 3 - Mile High 7
BOTTOM OF THE 8TH
Mile High Broncos batting - Pitching for Texarkana Bears : RHP António Ramírez
Batting: RHB Evan Robinson 0-0: Ball
1-0: Swinging Strike
1-1: Fly out, F5 (Popup, 5S)
Batting: LHB Ernesto López 0-0: Ball
1-0: Foul Ball, location: 2F
1-1: SINGLE (Groundball, 56D)
Batting: SHB Tom Stevens 0-0: Called Strike
0-1: Ball
1-1: Called Strike
1-2: Strikes out swinging
Ernesto López steals 2nd base
Batter strikes out.
Batting: LHB Mark Everett 0-0: Ball
1-0: SINGLE (Groundball, 4MD)
Ernesto López to third
Runner from 3rd tries for Home, SAFE, no throw
Pitching: RHP Ralph Willaims
Batting: RHB David Moran 0-0: Called Strike
0-1: Called Strike
0-2: Ball
1-2: Ball
2-2: SINGLE (Groundball, 34D)
Mark Everett to second
Runner from 2nd tries for 3rd, SAFE, throw made to third
Batting: SHB Paco Martínez 0-0: Foul Ball, location: 2F
0-1: Called Strike
0-2: Foul Ball, location: 2F
0-2: Ball
1-2: Strikes out looking
Bottom of the 8th over - 1 run(s), 3 hit(s), 0 error(s), 2 left on base; Texarkana 3 - Mile High 8
TOP OF THE 9TH
Texarkana Bears batting - Pitching for Mile High Broncos : LHP Robin Wilder
Batting: RHB Michael Barraclough 0-0: Ball
1-0: Ball
2-0: Ball
3-0: Base on Balls
Batting: RHB Sadao Kimura 0-0: Ball
1-0: Ball
2-0: SINGLE (Line Drive, 8LS)
Michael Barraclough to second
Batting: RHB Steve Garneys 0-0: Ball
1-0: Foul Ball, location: 2F
1-1: Ball
2-1: Ball
3-1: Called Strike
3-2: Base on Balls
Michael Barraclough to third
Sadao Kimura to second
Pitching: RHP César Rúbio
Batting: RHB Lu-fang Huie 0-0: Ball
1-0: Foul Ball, location: 2F
1-1: Ball
2-1: Foul Ball, location: 2F
2-2: Foul Ball, location: 2F
2-2: Grounds into double play, 5-4-3 (Groundball, 56)
Michael Barraclough scores
Sadao Kimura to third
Batting: RHB Gilberto López 0-0: Ball
1-0: Ball
2-0: Ball
3-0: Base on Balls
Batting: RHB Keith Ford 0-0: Called Strike
0-1: Ball
1-1: Ball
2-1: Foul Ball, location: 2F
2-2: Ball
3-2: Fly out, F8 (Flyball, 8LS)
Top of the 9th over - 1 run(s), 1 hit(s), 0 error(s), 2 left on base; Texarkana 4 - Mile High 8
Thursday, March 30th, 2017 - OOTP Baseball 17.12 Build 75